 Dungeon Crawl Stone Soup version 0.14-a0-1719-ga7e7698 (webtiles) character file.

85 4tharraofdagon the Firebug (level 4, -3/22 HPs)
             Began as a Tengu Fire Elementalist on Jan 2, 2014.
             Was a Plaything of Xom.
             Slain by an orc
             ... wielding a +1,+3 orcish short sword
              (5 damage)
             ... on Level 3 of the Dungeon.
             The game lasted 00:04:55 (1103 turns).

4tharraofdagon the Firebug (TeFE)                   Turns: 1103, Time: 00:04:56

HP  -3/22        AC  3     Str 14      XL: 4   Next:  1%
MP   9/9         EV 12     Int 19      God: Xom
Gold 27          SH  0     Dex 14      Spells:  2 memorised,  3 levels left

rFire  . . .     SeeInvis .     e - -2,-3 dagger
rCold  . . .     Clarity  +     a - +0 robe
rNeg   . . .     Conserve .     (no shield)
rPois  .         rCorr    .     (helmet restricted)
rElec  .         rRot     .     (no cloak)
SustAb . .       Spirit   .     (no gloves)
rMut   .         Warding  .     (boots unavailable)
Saprov . . .     RndTele  +     (no amulet)
                                (no ring)
                                d - +3 ring of intelligence

@: about to teleport, mighty, slowed, very slow, slightly resistant to hostile
enchantments, fairly stealthy
A: beak, talons 3, molten scales 1, clarity, deterioration 1, frail 1,
teleportitis 1
a: Renounce Religion


You were on level 3 of the Dungeon.
You worshipped Xom.
You were a plaything of Xom.
You were very hungry.

You visited 1 branch of the dungeon, and saw 3 of its levels.

You collected 27 gold pieces.

Inventory:

Hand weapons
 e - a -2,-3 dagger (weapon)
Armour
 a - a +0 robe (worn)
Comestibles
 c - 2 bread rations
 j - a beef jerky
 m - an apple
 o - an orange
 p - a choko
 q - a meat ration
Scrolls
 f - 2 scrolls of fog
 h - 3 scrolls of identify
Jewellery
 d - a +3 ring of intelligence (left hand)
Potions
 k - a potion of curing
Books
 b - a book of Flames

   Spells                             Type                      Level
   *Flame Tongue                      Conjuration/Fire             1
   Throw Flame                        Conjuration/Fire             2
   *Conjure Flame                     Conjuration/Fire             3
   Inner Flame                        Hexes/Fire                   3
   Sticky Flame                       Conjuration/Fire             4
   Fireball                           Conjuration/Fire             5


   Skills:
 + Level 1.1 Fighting
 - Level 2.1 Dodging
 - Level 2.0 Stealth
 + Level 2.3 Spellcasting
 * Level 3.1 Conjurations
 * Level 4.0 Fire Magic


You had 3 spell levels left.
You knew the following spells:

 Your Spells              Type           Power        Failure   Level  Hunger
a - Flame Tongue          Conj/Fire      ###..        4%          1    #......
b - Conjure Flame         Conj/Fire      ###.....     12%         3    ###....


Dungeon Overview and Level Annotations

Branches:
Dungeon (3/16)

Altars:
Ashenzari
Sif Muna
Xom
Zin

Annotations:
D:3 4tharraofdagon's ghost, weakling DjFE


Innate Abilities, Weirdness & Mutations

You have a beak for a mouth.
You have claws for feet.
You are partially covered in molten scales (AC +1).
You possess an exceptional clarity of mind.
Your body is slowly deteriorating.
You are frail (-10% HP).
Space occasionally distorts in your vicinity.


Message History

An orc comes into view. It is wielding an orcish hand axe.
Read which item? (? for menu, Esc to quit)
As you read the scroll labeled THRIEP SUTWUQI, it crumbles to dust.
Use on which item? (\ to view known items) (? for menu, Esc to quit)
Nothing appears to happen.
The orc hits you with an orcish mace.
* * * LOW HITPOINT WARNING * * *
4tharraofdagon's ghost says, "You must not succeed where I failed!"
The orc wizard mumbles some strange words.
The orc wizard blinks!
The goblin barely misses you. The orc hits you with an orcish mace.
* * * LOW HITPOINT WARNING * * *
Read which item? (? for menu, Esc to quit)
As you read the scroll labeled PUMIG LAVYAG, it crumbles to dust.
You feel strangely unstable.
It was a scroll of teleportation.
The orc wizard casts a spell.
The orc wizard blinks!
The orc hits you with an orcish mace.
* * * LOW HITPOINT WARNING * * *
The orc hits you with an orcish short sword.
You die...
Xom howls with laughter!

****,,,*,,,#.##........#
*,,,,,*
,,,,,,,,,,...o....#r##.# *
*,,,** ******,*
,,##........#,# **,<,,
*,,,,****##o..##.p.#,* ***,,,,
*,,,,,*###..r###.g.#,*
*,,,,>,,
*,,,,,*....o...##.##,#
*,,,,*** ***,,,
,.....ยง.##.##.# *,,,,*
**,,....##.oo##p...####**,*
*,,,.......o@gog........,,*
****,,,..#########...#####****
*,,,,,,,, #...# *,,,, ,,,*
##### *,,,****** *****


You could see an orc wizard, 4tharraofdagon's ghost, a green rat, 6 orcs and 2
goblins.

Vanquished Creatures
  2 adders (D:2)
  A giant mite (D:2)
  2 worms (D:2)
  3 giant geckos (D:1)
  A bat (D:2)
  A goblin (D:1)
  2 hobgoblins
  A quokka (D:2)
  A giant cockroach (D:3)
  A giant newt (D:1)
  2 kobolds (D:1)
  3 rats
20 creatures vanquished.

Vanquished Creatures (others)
  A giant cockroach (D:3)
1 creature vanquished.

Grand Total: 21 creatures vanquished

Notes
Turn   | Place    | Note
--------------------------------------------------------------
     0 | D:1      | 4tharraofdagon, the Tengu Fire Elementalist, began the quest for the Orb.
     0 | D:1      | Reached XP level 1. HP: 10/10 MP: 3/3
   144 | D:1      | Gained mutation: You are partially covered in molten scales (AC +1). [potion of mutation]
   144 | D:1      | Gained mutation: You possess an exceptional clarity of mind. [potion of mutation]
   144 | D:1      | Gained mutation: Space occasionally distorts in your vicinity. [potion of mutation]
   226 | D:1      | Reached XP level 2. HP: 14/16 MP: 3/5
   381 | D:3      | Noticed 4tharraofdagon's ghost (weakling DjFE)
   433 | D:2      | Reached XP level 3. HP: 6/20 MP: 4/7
   438 | D:2      | Learned a level 3 spell: Conjure Flame
   570 | D:2      | Found a glowing silver altar of Zin.
   572 | D:2      | Noticed an angel
   578 | D:2      | Found a shimmering altar of Xom.
   588 | D:2      | Became a worshipper of Xom of Chaos
   600 | D:2      | XOM: silly message
   603 | D:2      | Reached skill level 1 in Fighting
   682 | D:2      | Found a shattered altar of Ashenzari.
   702 | D:2      | Reached skill level 4 in Fire Magic
   823 | D:2      | Reached XP level 4. HP: 25/25 MP: 7/9
   844 | D:2      | Found a deep blue altar of Sif Muna.
   978 | D:3      | XOM: potion effect (might)
   984 | D:3      | XOM: divination: magic mapping
  1014 | D:3      | XOM: divination: detect creatures
  1041 | D:3      | XOM: potion effect (might)
  1086 | D:3      | Gained mutation: You are frail (-10% HP). [potion of mutation]
  1086 | D:3      | Gained mutation: Your body is slowly deteriorating. [potion of mutation]
  1091 | D:3      | XOM: harmless Summ miscast
  1094 | D:3      | XOM: divine lightning (protected)
  1096 | D:3      | XOM: polymorph gnoll -> green rat
  1103 | D:3      | Slain by an orc

Action                   |  1- 3 |  4- 6 || total
-------------------------+-------+-------++-------
Melee: Dagger            |    36 |       ||    36
 Cast: Flame Tongue      |    28 |     1 ||    29
       Conjure Flame     |     2 |       ||     2
  Use: Potion            |     3 |     1 ||     4
       Scroll            |       |     5 ||     5
